 Dungeon Crawl Stone Soup version 0.13.0-65-g2bb7898 (webtiles) character file.

310 Lilouch the Firebug (level 5, -1/35 HPs)
             Began as a Mummy Fire Elementalist on Nov 24, 2013.
             Was an Initiate of Vehumet.
             Engulfed by a cloud of flame (36 damage)
             ... on Level 4 of the Dungeon.
             The game lasted 00:16:41 (4520 turns).

Lilouch the Firebug (Mummy Fire Elementalist)       Turns: 4520, Time: 00:16:41

HP  -1/35        AC  3     Str 11      XL: 5   Next: 27%
MP   9/9         EV 12     Int 15      God: Vehumet [......]
Gold 138         SH  0     Dex 12      Spells:  3 memorised,  2 levels left

Res.Fire  : x . .   See Invis. : .   h - -2 orc whip (curse)
Res.Cold  : + . .   Warding    : .   A - +0 robe
Life Prot.: + + +   Conserve   : .   (no shield)
Res.Poison: +       Res.Corr.  : .   I - +0 spiked helmet
Res.Elec. : .       Clarity    : .   (no cloak)
Sust.Abil.: . .     Spirit.Shd : .   (no gloves)
Res.Mut.  : .       Stasis     : .   (no boots)
Res.Rott. : +       Flight     : .   (no amulet)
Saprovore : . . .                    (no ring)
                                     (no ring)

@: slightly resistant to hostile enchantments, unstealthy
A: no food or potions, fire vulnerability, restore body, cold resistance 1, life
protection 3, poison resistance, torment resistance, unbreathing
a: Renounce Religion


You were on level 4 of the Dungeon.
You worshipped Vehumet.
Vehumet was noncommittal.
You were not hungry.

You visited 1 branch of the dungeon, and saw 4 of its levels.

You collected 118 gold pieces.

Inventory:

Hand weapons
 a - a +2 blowgun
 h - a cursed -2,-2 orcish whip (weapon)
 m - a +2,+0 elven dagger
 o - a +0,+1 dagger
 p - a +6,+1 dagger of freezing
 r - a -1,+0 orcish club
 s - a -1,+0 orcish dagger
 t - a +0,+0 dagger
 u - a +0,+0 elven dagger
 w - a +0,+1 orcish club
 y - a +0,+0 club
 z - a +1,+1 spear
 B - a +0,+1 orcish club
 C - a +0,+0 club (quivered)
 D - a +0,+0 orcish club
 E - a +0,+0 club
 F - a +0,+0 club
 G - a +0,+0 club
 H - a +0,+0 club
 J - a +2,+0 war axe of flaming
 L - a +0,+0 club
 M - a +0,+0 club
 N - a +0,+0 orcish club
 O - a +0,+0 club
 P - a -1,+1 orcish dagger
Missiles
 c - 18 sling bullets
 l - 32 stones
 x - 6 poisoned needles
Armour
 A - a +0 robe (worn)
 I - a +0 spiked helmet (worn)
Magical devices
 f - a wand of digging (7) {unknown}
 K - a wand of enslavement (17) {unknown}
Scrolls
 d - 2 scrolls of recharging {unknown}
 e - 6 scrolls of identify {unknown}
 g - a scroll of noise {unknown}
 i - a scroll of fear {unknown}
 j - a scroll of remove curse {unknown}
 n - a scroll of curse jewellery {unknown}
 v - a scroll of fog {unknown}
Jewellery
 k - an uncursed amulet of conservation {unknown}
Books
 b - a book of Flames

   Spells                             Type                      Level
   *Flame Tongue                      Conjuration/Fire             1
   *Throw Flame                       Conjuration/Fire             2
   *Conjure Flame                     Conjuration/Fire             3
   Inner Flame                        Hexes/Fire                   3
   Sticky Flame                       Conjuration/Fire             4
   Fireball                           Conjuration/Fire             5


   Skills:
 - Level 1.5 Dodging
 - Level 1.5 Stealth
 - Level 2.1 Spellcasting
 + Level 2.7 Conjurations
 + Level 3.6 Fire Magic


You had 2 spell levels left.
You knew the following spells:

 Your Spells              Type           Power        Failure   Level  Hunger
a - Flame Tongue          Conj/Fire      ##...        8%          1    N/A
b - Throw Flame           Conj/Fire      ##....       12%         2    N/A
c - Conjure Flame         Conj/Fire      ##......     21%         3    N/A

Dungeon Overview and Level Annotations

Branches:
Dungeon (4/27)
 Temple: D:4-7

Altars:
Vehumet

Annotations:
D:4 Sigmund


Innate Abilities, Weirdness & Mutations

You do not eat or drink.
Your flesh is vulnerable to fire.
Your flesh is cold resistant.
You are immune to negative energy.
Your system is resistant to poisons.
You are immune to unholy pain and torment.
You can survive without breathing.


Message History

The flame hits the hobgoblin.
You kill the hobgoblin!
You see here a club.
O - a club
There is a stone staircase leading up here.
You start resting.
Magic restored.
You see here an orcish dagger.
P - an orcish dagger
Found a radiant altar of Vehumet.
You now have 138 gold pieces (gained 9).
Really walk into a travel-excluded area?
Okay, then.
There is a radiant altar of Vehumet here.
You kneel at the altar of Vehumet.
Vehumet welcomes you!
You are engulfed in roaring flames.
Your scroll labeled TAUGAT PNUPER catches fire!
Ouch! That really hurt!
You die...

### . ###... .. ...#... ..
#....... ......
......###### ........#
#.........# .........#
#....§....#
.........###....§.§..##...
................@_§.......
...............§§.........
.........................
.........................
...<.....................
...%....................
.......................
......................
....................


There were no monsters in sight!

Vanquished Creatures
  An iguana (D:4)
  Ijyb (D:2)
  3 adders
  2 worms (D:3)
  4 giant geckos
  An ooze (D:1)
  6 orcs (D:3)
  7 bats
  4 giant cockroaches
  11 goblins
  8 hobgoblins
  14 kobolds
  3 ball pythons
  A giant newt (D:2)
  6 jackals
  12 rats
84 creatures vanquished.

Notes
Turn   | Place    | Note
--------------------------------------------------------------
     0 | D:1      | Lilouch, the Mummy Fire Elementalist, began the quest for the Orb.
     0 | D:1      | Reached XP level 1. HP: 13/13 MP: 3/3
   270 | D:1      | Reached skill level 1 in Conjurations
   283 | D:1      | Reached XP level 2. HP: 13/19 MP: 0/4
  1370 | D:1      | Reached XP level 3. HP: 24/24 MP: 0/6
  1436 | D:1      | Learned a level 2 spell: Throw Flame
  1658 | D:2      | Learned a level 3 spell: Conjure Flame
  1768 | D:2      | Reached skill level 3 in Fire Magic
  2305 | D:2      | Reached XP level 4. HP: 25/30 MP: 5/8
  2326 | D:2      | Noticed Ijyb
  2352 | D:2      | Killed Ijyb
  3986 | D:3      | Reached XP level 5. HP: 35/35 MP: 7/9
  4122 | D:4      | Noticed Sigmund
  4503 | D:4      | Found a radiant altar of Vehumet.
  4519 | D:4      | Became a worshipper of Vehumet
  4520 | D:4      | Engulfed by a cloud of flame

Action                   |  1- 3 |  4- 6 || total
-------------------------+-------+-------++-------
Melee: Dagger            |    11 |       ||    11
       Whip              |    22 |    12 ||    34
Throw: Club              |    16 |    66 ||    82
       Stone             |    13 |     7 ||    20
       Dagger            |     6 |     1 ||     7
       Dart              |     1 |       ||     1
 Cast: Flame Tongue      |    67 |    73 ||   140
       Throw Flame       |       |     1 ||     1
